[Event "Team 45 45 League T88"]
[Site "Internet Chess Club"]
[Date "2021.05.08"]
[Round "5"]
[White "MrAbendroth"]
[Black "vhuffst"]
[Result "1/2-1/2"]
[WhiteElo "1702"]
[BlackElo "1369"]
[Opening "Alekhine's defense: four pawns attack"]
[ECO "B03"]
[Time "09:00:46"]
[TimeControl "2700+45"]

1. e4 Nf6 2. e5 Nd5 3. d4 d6 4. c4 Nb6 5. f4 dxe5 6. fxe5 Bf5 7. Be3 g6 8. Bd3
Bg7 9. Bxf5 gxf5 10. Qc2 e6 11. Nf3 Nc6 12. O-O O-O 13. Rd1 f6 14. Bf4 fxe5 15.
dxe5 Qe7 16. Qf2 Qe8 17. b3 Rd8 18. Nc3 Rf7 19. Bg5 Rxd1+ 20. Rxd1 Rd7 21. Re1
Rd3 22. Nb5 Qd7 23. h3 a6 24. Na3 h6 25. Bf4 Rd1 26. Rxd1 Qxd1+ 27. Kh2 Nb4 28.
Qh4 Nd3 29. Bxh6 Nxe5 30. Qg5 Nxf3+ 31. gxf3 Qe2+ 32. Kg1 Qe1+ 33. Kg2 Qe2+ 34.
Kg1 Qe1+ 35. Kg2 Qe2+ 36. Kg1 {Game drawn by repetition} 1/2-1/2

[Event "Team 45 45 League T88"]
[Site "Internet Chess Club"]
[Date "2021.05.07"]
[Round "5"]
[White "Kingfisher75"]
[Black "Redman1"]
[Result "1/2-1/2"]
[WhiteElo "1560"]
[BlackElo "1567"]
[Opening "French: Tarrasch, closed variation"]
[ECO "C05"]
[Time "17:00:28"]
[TimeControl "2700+45"]

1. e4 e6 2. d4 d5 3. Nd2 Nf6 4. e5 Nfd7 5. Bd3 c5 6. c3 Nc6 7. Ne2 Qb6 8. Nf3 f6
9. exf6 Nxf6 10. O-O cxd4 11. cxd4 Bd6 12. a3 O-O 13. Qc2 e5 14. dxe5 Nxe5 15.
Nfd4 Nxd3 16. Qxd3 Bg4 17. Bf4 a6 18. Bxd6 Qxd6 19. Ng3 Rac8 20. Rac1 Bd7 21.
Ngf5 Bxf5 22. Qxf5 Rc4 23. Qe6+ Qxe6 24. Nxe6 Rfc8 25. Rxc4 dxc4 26. f3 c3 27.
bxc3 Rxc3 28. a4 {Game drawn by mutual agreement} 1/2-1/2